 Dungeon Crawl Stone Soup version 0.30.1 (webtiles) character file.

Game seed: 16947409260438911031

2690 Peloso the Carver (level 9, -2/78 HPs)
             Began as a Minotaur Fighter on July 6, 2023.
             Was a Believer of Okawaru.
             Slain by a death yak (13 damage)
             ... on level 8 of the Dungeon.
             The game lasted 00:14:12 (6759 turns).

Peloso the Carver (Minotaur Fighter)                Turns: 6759, Time: 00:14:13

Health: -2/78      AC: 16    Str: 27    XL:     9   Next: 38%
Magic:  6/8        EV: 13    Int:  3    God:    Okawaru [**....]
Gold:   861        SH:  7    Dex: 14    Spells: 8/8 levels left

rFire   . . .        a - +0 falchion
rCold   . . .        d - +0 buckler
rNeg    . . .        x - +0 chain mail
rPois   +            (helmet restricted)
rElec   .            c - +0 cloak
rCorr   .            y - +0 pair of gloves
SInv    .            (no boots)
Will    .....        (no amulet)
Stlth   +            v - ring of poison resistance
HPRegen 0.33/turn    (no ring)
MPRegen 0.11/turn

%: no passive effects
@: heroic
A: horns 2, retaliatory headbutt, hooves 1, agile 1, strong 1, sturdy frame 1
a: Renounce Religion, Heroism


You were on level 8 of the Dungeon.
You worshipped Okawaru.
Okawaru was pleased with you.
You visited 2 branches of the dungeon, and saw 10 of its levels.
You also visited: Ossuary.

You collected 861 gold pieces.

Inventory:

Hand Weapons
 a - a +0 falchion (weapon)
Missiles
 D - a throwing net (quivered)
Armour
 b - a +0 scale mail
 c - a +0 cloak (worn)
 d - a +0 buckler (worn)
 x - a +0 chain mail (worn)
 y - a +0 pair of gloves (worn)
Jewellery
 v - a ring of poison resistance (left hand)
 B - a ring of magical power
 F - a +5 ring of evasion
Wands
 r - a wand of polymorph (5)
 w - a wand of flame (24)
 G - a wand of iceblast (16)
Scrolls
 e - a scroll of fear
 f - 2 scrolls of teleportation
 g - a scroll of enchant armour
 h - 3 scrolls of poison
 i - a scroll of noise
 k - 2 scrolls of fog
 l - 2 scrolls of blinking
 q - a scroll of immolation {unknown}
 u - a scroll of brand weapon
 H - a scroll of acquirement {unknown}
Potions
 j - a potion of might
 m - a potion of invisibility
 n - 2 potions of mutation
 o - 4 potions of curing
 p - a potion of haste {unknown}
 s - a potion of brilliance {unknown}
 t - a potion of cancellation {unknown}
 z - 2 potions of heal wounds
 A - 2 potions of flight {unknown}
 C - a potion of ambrosia {unknown}
 E - a potion of lignification {unknown}
 I - a potion of attraction {unknown}


   Skills:
 + Level 6.6(11.6) Fighting
 + Level 9.9(14.9) Long Blades
 + Level 9.0(14.0) Armour
 + Level 3.8(8.8) Dodging
 + Level 1.0(6.0) Stealth
 + Level 6.1(11.1) Shields
 + Level 0.1 Invocations


You had 8 spell levels left.
You didn't know any spells.
Your spell library contained the following spells:

 Spells                   Type           Power      Damage    Failure   Level
 Shock                    Conj/Air       0%         1d3       85%         1
 Inner Flame              Hex/Fire       0%         N/A       99%         3
 Swiftness                Air            0%         N/A       99%         3
 Airstrike                Air            0%         2d(0-16)  100%        4
 Flame Wave               Conj/Fire      0%         2d4       100%        4
 Sticky Flame             Conj/Fire      0%         2d3       100%        4


Dungeon Overview and Level Annotations

Branches:
Dungeon (9/15)             Temple (1/1) D:5         Ossuary (visited)
   Lair: D:8-11         Orc: D:9-12

Altars:
Ashenzari
Cheibriados
Dithmenos
Elyvilon
Hepliaklqana
Kikubaaqudgha
Nemelex Xobeh
Okawaru
Qazlal
Ru
Vehumet
Wu Jian
Xom
Yredelemnul
Zin
The Shining One

Shops:
D:1 :*   D:3 [


Innate Abilities, Weirdness & Mutations

You have a pair of horns on your head.
You reflexively headbutt those who attack you in melee.
You have large cloven feet.
You are agile. (Dex +4, Str/Int -1)
Your muscles are strong. (Str +4, Int/Dex -1)
Your movements are slightly less encumbered by armour. (ER -2)


Message History

You hit the death yak but do no damage. You kick the death yak.
The death yak is heavily wounded.
The death yak gores you!
* * * LOW HITPOINT WARNING * * *
You barely miss the death yak. You kick the death yak.
The death yak is heavily wounded.
The death yak gores you!
* * * LOW HITPOINT WARNING * * *
You feel much better. The death yak gores you!!
* * * LOW HITPOINT WARNING * * *
You gain the combat prowess of a mighty hero.
The death yak barely misses you.
You feel much better. You block the death yak's attack.
You barely miss the death yak.
The death yak is heavily wounded.
You hit the death yak but do no damage. You kick the death yak.
Your headbutt misses the death yak.
The death yak is heavily wounded.
You block the death yak's attack.
You hit the death yak.
You kick the death yak, but do no damage.
The death yak is heavily wounded.
You hit the death yak but do no damage.
The death yak is heavily wounded.
The death yak gores you!!
* * * LOW HITPOINT WARNING * * *
You hit the death yak but do no damage.
You kick the death yak, but do no damage.
You headbutt the death yak, but do no damage.
The death yak is heavily wounded.
The death yak barely misses you.
You barely miss the death yak. You kick the death yak.
You headbutt the death yak, but do no damage.
The death yak is heavily wounded.
You barely miss the death yak.
You kick the death yak, but do no damage.
You headbutt the death yak, but do no damage.
The death yak is heavily wounded.
The death yak gores you!
You die...

.'.# ##....# #...#........##.#
.#.# #.#### ###.#........##.#
.#.# #.# #.#....:......# ##.# #.#
#.'...........# #.######.####
#####.........#.# ##.#.........#
#.............###
...#.#####.#.####.#........#.....
##...# #.#...##Y.........#.###.
####.# #......@...###....#.# #.
...#.# ############ ###....# ##
##...# ###### #####


You could see a death yak.

Vanquished Creatures
  Maggie (D:6)
  Eustachio (D:6)
  Menkaure (D:4)
  A steam dragon (D:7)
  3 water moccasins
  An orc warrior (D:7)
  An ogre (D:6)
  2 black bears
  A centaur (D:8)
  A kobold brigand (D:8)
  3 phantoms
  A bullfrog (D:7)
  3 scorpions
  A centaur zombie (Ossuary)
  A gnoll bouda (D:7)
  2 hounds (D:6)
  4 orc priests
  2 sleepcaps
  Ijyb (D:4)
  3 orc wizards
  2 iguanas
  2 mummies (Ossuary)
  9 adders
  4 gnolls (D:7)
  4 white imps
  A worm zombie (D:8)
  2 dart slugs (D:1)
  18 orcs
  6 ball pythons
  12 endoplasms
  3 giant cockroaches
  3 gnoll zombies (Ossuary)
  4 goblins
  8 hobgoblins
  10 kobolds
  7 quokkas
  2 bats (D:2)
  A frilled lizard (D:2)
  3 goblin zombies (Ossuary)
  3 hobgoblin zombies (Ossuary)
  4 orc zombies (Ossuary)
  4 rats
146 creatures vanquished.

Notes
Turn   | Place    | Note
-------+----------+-------------------------------------------
     0 | D:1      | Peloso the Minotaur Fighter began the quest for the Orb.
     0 | D:1      | Reached XP level 1. HP: 19/19 MP: 0/0
    44 | D:1      | Reached XP level 2. HP: 27/27 MP: 1/1
   249 | D:1      | Found Acuat's General Store.
   365 | D:1      | Found Urunoo's Book Emporium.
   956 | D:2      | Reached XP level 3. HP: 28/33 MP: 2/2
  1155 | D:2      | Found a stormy altar of Qazlal.
  1502 | D:3      | Reached XP level 4. HP: 40/40 MP: 3/3
  1979 | D:3      | Found Nine's Antique Armour Emporium.
  2192 | D:4      | Reached skill level 5 in Armour
  2313 | D:4      | Reached XP level 5. HP: 30/47 MP: 4/4
  2419 | D:4      | Noticed Ijyb
  2436 | D:4      | Gained mutation: Your muscles are strong. (Str +4, Int/Dex
                  | -1) [potion of mutation]
  2436 | D:4      | Gained mutation: You are agile. (Dex +4, Str/Int -1)
                  | [potion of mutation]
  2436 | D:4      | Gained mutation: Your movements are slightly less
                  | encumbered by armour. (ER -2) [potion of mutation]
  2436 | D:4      | Gained mutation: You have large cloven feet. [potion of
                  | mutation]
  2443 | D:4      | Killed Ijyb
  2837 | D:4      | Noticed a phantom
  2852 | D:4      | Killed a phantom
  2853 | D:4      | Reached skill level 1 in Dodging
  2853 | D:4      | Reached XP level 6. HP: 39/53 MP: 5/5
  2919 | D:4      | Reached skill level 5 in Long Blades
  3071 | D:4      | Noticed Menkaure
  3075 | D:4      | Killed Menkaure
  3076 | D:4      | Reached skill level 5 in Fighting
  3318 | D:5      | Entered Level 5 of the Dungeon
  3389 | D:5      | Reached XP level 7. HP: 54/61 MP: 6/6
  3434 | D:5      | Found a snail-covered altar of Cheibriados.
  3719 | D:5      | Found an ornate altar of the Wu Jian Council.
  3850 | D:5      | Found a staircase to the Ecumenical Temple.
  4068 | Temple   | Entered the Ecumenical Temple
  4117 | Temple   | Became a worshipper of Warmaster Okawaru
  4201 | D:6      | Noticed Maggie
  4214 | D:6      | HP: 1/61 [Maggie/puff of flame (11)]
  4221 | D:6      | Killed Maggie
  4221 | D:6      | Reached * piety under Okawaru
  4222 | D:6      | Reached skill level 5 in Shields
  4222 | D:6      | Reached XP level 8. HP: 27/70 MP: 7/7
  4502 | D:6      | Noticed Eustachio
  4520 | D:6      | Killed Eustachio
  4803 | D:7      | Reached ** piety under Okawaru
  5216 | D:7      | Reached XP level 9. HP: 46/75 MP: 8/8
  5324 | D:7      | Reached skill level 1 in Stealth
  5594 | D:7      | Found a hazy altar of Hepliaklqana.
  6014 | D:8      | Found a sand-covered staircase.
  6024 | Ossuary  | Entered an ossuary
  6698 | D:9      | Noticed a death yak
  6699 | D:9      | Noticed a death yak
  6699 | D:9      | Noticed a death yak
  6699 | D:9      | Noticed a death yak
  6749 | D:8      | HP: 1/78 [death yak (17)]
  6759 | D:8      | Slain by a death yak

Illustrated notes

Levels and vault maps discovered:
D:1:      mushboom_english_gardens, layout_basic, serial_shops, shop, shop,
          serial_forest, infiniplex_forest_end_double,
          infiniplex_forest_clump_long, infiniplex_forest_lined_2,
          infiniplex_forest_clump_cross, infiniplex_forest_end_2,
          infiniplex_forest_3_way, infiniplex_forest_clump_long,
          infiniplex_forest_clump_small
D:2:      layout_rooms, basic_altar
D:3:      layout_rooms, serial_shops, shop
D:4:      layout_loops_cross, uniq_ijyb, uniq_menkaure
D:5:      layout_basic, mainiacjoe_overflow_paths,
          nicolae_wu_jian_immortal_techniques,
          minmay_temple_entry_statues_pillars
D:6:      layout_rooms, uniq_eustachio, uniq_maggie
D:7:      layout_cave_pools, mainiacjoe_overflow_six_doors_small
D:8:      layout_basic, enter_ossuary_3
D:9:      layout_grid_maze, kennysheep_mini_moat, dpeg_lair_monsters,
          gammafunk_ghost_arena, minivault_12
Temple:   eino_temple_water

Skill      XL: |  1  2  3  4  5  6  7  8  9 |
---------------+----------------------------+-----
Fighting       | 4 5 6 |  6.6
Armour         | 4 5 6 7 8 9 |  9.0
Shields        | 4 5 6 |  6.1
Long Blades    | 3 4 5 7 9 |  9.9
Dodging        | 1 2 3 |  3.8
Stealth        | 1 |  1.0
Invocations    | |  0.1

Action                     |  1- 3 |  4- 6 |  7- 9 || total
---------------------------+-------+-------+-------++-------
  Melee: Long sword        |   142 |   155 |   182 ||   479
         Headbutt          |    34 |    19 |    52 ||   105
         Kick              |       |    13 |    94 ||   107
         Falchion          |       |       |    83 ||    83
 Invoke: Heroism           |       |       |     3 ||     3
    Use: Scroll            |     7 |       |     6 ||    13
         Potion            |     3 |     2 |     3 ||     8
 Armour: Scale mail        |    47 |    66 |    77 ||   190
         Chain mail        |       |       |    49 ||    49
  Dodge: Dodged            |    49 |    54 |   155 ||   258
  Block: Buckler           |    16 |    25 |    68 ||   109
